Map: Ice and Chrome LE

Players

Ziggy

  • Race: Terran Terran
  • League: Grandmaster
  • Spawn Location: 7:00

TLHarstem (Harstem) - Winner!

  • Race: Protoss Protoss
  • League: Master
  • Spawn Location: 1:00

Event: DreamHack SC2 Masters 2020 Summer Europe

VOD

Have the link to the VOD?

Description

Time

  • Played on: June 27, 2020, 2:04 p.m.
  • Length: 10:46

All games in this series

Show
View Real Time Build Order
Export as new Build Order

Ziggy Terran 

Build Orders: Gas First Reaper Expand, Liberator Opening 

Get SALT Encoding   

  12  0:00  SCV  
  13  0:13  SCV  
  14  0:17  Supply Depot  
  14  0:25  SCV  
  15  0:28  Refinery  
  15  0:38  SCV  
  16  0:44  Barracks  
  16  0:50  SCV  
  17  1:02  SCV  
  18  1:14  SCV  
  19  1:31  Reaper, Orbital Command  
  20  1:47  Command Center  
  20  1:56  SCV  
  20  2:01  Factory  
  21  2:07  Barracks Reactor  
  21  2:08  SCV  
  21  2:15  Supply Depot  
  22  2:21  SCV  
  23  2:24  Refinery  
  23  2:37  SCV  
  24  2:46  Starport  
  24  2:49  SCV  
  24  2:50  Hellion  
  29  2:51  Hellion  
  28  3:01  SCV  
  29  3:12  Hellion  
  31  3:28  SCV, Medivac  
  31  3:29  Orbital Command  
  34  3:41  SCV  
  34  3:42  Command Center  
  34  3:43  Factory Tech Lab  
  34  3:48  Marine  
  35  3:49  Marine  
  35  3:53  SCV  
  37  3:56  SCV  
  37  4:01  Liberator  
  41  4:05  SCV  
  41  4:08  Marine x2  
  44  4:19  Supply Depot  
  44  4:21  SCV  
  44  4:23  SCV  
  46  4:40  Supply Depot, Marine x2  
  46  4:41  SCV x2, Siege Tank  
  53  4:45  Barracks  
  53  4:53  SCV  
  53  4:54  SCV  
  53  4:58  Orbital Command  
  52  5:05  SCV  
  52  5:06  SCV  
  48  5:10  Engineering Bay, Barracks  
  48  5:11  Engineering Bay  
  48  5:14  Barracks Tech Lab  
  48  5:16  Siege Tank  
  48  5:17  SCV  
  48  5:19  SCV  
  53  5:21  Refinery  
  53  5:23  SCV  
  54  5:29  SCV  
  54  5:31  SCV  
  54  5:32  Barracks Tech Lab  
  54  5:33  Stimpack  
  54  5:34  Marauder  
  58  5:35  SCV  
  58  5:38  Terran Infantry Weapons Level 1  
  58  5:41  SCV  
  58  5:42  Terran Infantry Armor Level 1  
  60  5:44  Refinery  
  60  5:47  SCV  
  61  5:52  SCV  
  61  5:53  SCV, Marauder  
  61  5:55  Marine  
  66  5:59  Barracks x2  
  66  6:01  Combat Shield  
  66  6:03  SCV  
  67  6:04  SCV  
  67  6:08  SCV  
  69  6:12  Marine  
  69  6:13  Factory Reactor, Marauder, Marine  
  69  6:15  SCV  
  69  6:18  Orbital Command  
  74  6:20  SCV, Supply Depot x2  
  75  6:27  SCV  
  75  6:29  Marine  
  77  6:38  Supply Depot  
  77  6:39  Barracks Reactor  
  77  6:41  SCV, Medivac x2, Marauder  
  84  6:47  SCV, Marauder  
  84  6:51  Barracks Tech Lab  
  84  6:52  Widow Mine x2  
  91  6:54  SCV  
  91  6:56  SCV, Refinery  
  91  7:00  Armory  
  91  7:01  Concussive Shells  
  93  7:02  SCV  
  93  7:03  Marauder, Marine  
  93  7:06  SCV  
  93  7:08  SCV, Marine  
  99  7:14  SCV  
  101  7:24  Supply Depot  
  101  7:25  SCV x2, Medivac x2, Marine x2  
  101  7:27  Supply Depot  
  109  7:34  Marauder  
  109  7:35  Marauder  
  109  7:36  Widow Mine x2  
  109  7:37  Marauder  
  109  7:40  Orbital Command, Marine  
  109  7:44  Marine  
  85  7:51  SCV x2  
  85  7:52  Marine  
  85  7:55  Marauder  
  85  7:57  Marauder  
  85  7:58  Marauder, Marine  
  94  7:59  Widow Mine x2  
  94  8:02  Marine, Liberator  
  94  8:05  Liberator  
  105  8:10  SCV, Marine  
  105  8:12  SCV  
  108  8:16  Marauder  
  108  8:17  Supply Depot  
  108  8:19  SCV, Supply Depot  
  111  8:24  Orbital Command, Marine  
  111  8:25  Marauder  
  114  8:27  SCV x2  
  114  8:30  Marine x2  
  118  8:37  Marine  
  118  8:40  SCV  
  120  8:43  Marine  
  120  8:44  Marauder  
  123  8:51  SCV  
  124  8:57  Marine  
  124  8:59  SCV x2  
  124  9:01  Marine  
  124  9:02  Marauder x2, Marine  
  133  9:03  Widow Mine x2  
  133  9:04  SCV, Marine  
  133  9:06  Medivac  
  141  9:15  Marine  
  139  9:19  Marine  
  140  9:28  Marauder  
  140  9:29  Marauder  
  141  9:33  Marine  
  141  9:34  Marauder, Marine  
  141  9:36  SCV x2  
  141  9:37  Marine  
  139  9:41  SCV  
  136  9:48  SCV x2  
  136  9:49  Marauder  
  136  9:51  Marine  
  141  9:54  Supply Depot  
  141  9:57  Supply Depot  
  141  9:58  Supply Depot  
  141  9:59  Ghost Academy  
  141  10:13  Supply Depot  
  141  10:14  Missile Turret x2  
  141  10:16  SCV x2, Marauder x3  
  141  10:17  Marine x2  
  141  10:19  Marauder  
Show
View Real Time Build Order
Export as new Build Order

TLHarstem Protoss - Winner!

Build Orders: 1 Gate Expand, Zealot Archon 

Get SALT Encoding   

  12  0:01  Probe  
  13  0:13  Probe  
  14  0:19  Pylon  
  14  0:25  Probe  
  15  0:34  Probe  
  15  0:37  Gateway  
  15  0:42  Probe  
  16  0:48  Assimilator  
  17  0:51  Probe  
  18  1:03  Probe  
  19  1:16  Probe  
  20  1:23  Cybernetics Core  
  20  1:33  Nexus  
  20  1:39  Pylon  
  20  1:42  Probe  
  21  1:47  Assimilator  
  21  1:50  Adept  
  21  1:54  Probe  
  21  2:00  Warp Gate  
  24  2:06  Probe  
  25  2:09  Stalker  
  25  2:18  Probe  
  28  2:31  Probe  
  28  2:43  Probe, Stalker  
  31  2:45  Probe, Robotics Facility  
  32  2:55  Probe  
  32  2:56  Probe  
  34  2:59  Gateway  
  34  3:04  Probe  
  34  3:07  Probe  
  34  3:12  Probe  
  36  3:18  Sentry  
  36  3:19  Probe, Pylon  
  40  3:24  Probe  
  40  3:26  Observer  
  41  3:31  Probe  
  43  3:36  Probe  
  44  3:43  Probe  
  44  3:45  Nexus  
  44  3:47  Observer  
  44  3:48  Probe  
  46  3:50  Pylon  
  46  3:54  Stalker  
  50  3:55  Probe  
  50  4:00  Probe  
  50  4:02  Pylon  
  51  4:07  Probe  
  48  4:12  Stalker  
  48  4:15  Probe  
  51  4:20  Probe  
  51  4:23  Assimilator  
  52  4:25  Probe  
  52  4:27  Stalker  
  52  4:28  Probe  
  55  4:33  Probe  
  55  4:36  Probe  
  57  4:43  Probe  
  57  4:45  Stalker  
  61  4:47  Probe  
  61  4:48  Gateway  
  61  4:50  Observer  
  63  4:53  Probe  
  63  4:55  Probe  
  63  4:59  Probe  
  62  5:01  Probe  
  62  5:03  Probe  
  61  5:07  Forge  
  61  5:08  Twilight Council  
  61  5:10  Probe  
  61  5:11  Probe x2  
  64  5:18  Probe  
  64  5:20  Protoss Ground Armor Level 1  
  65  5:23  Probe  
  65  5:26  Probe, Pylon  
  65  5:27  Pylon, Sentry, Zealot  
  71  5:32  Probe  
  71  5:34  Observer  
  73  5:36  Probe  
  73  5:38  Probe  
  75  5:43  Gateway  
  75  5:44  Probe  
  75  5:45  Charge  
  75  5:48  Probe  
  75  5:49  Gateway  
  77  5:51  Gateway  
  77  5:54  Gateway  
  78  6:02  Gateway  
  78  6:03  Probe x3  
  80  6:06  Assimilator  
  80  6:08  Observer  
  80  6:10  Assimilator  
  80  6:14  Probe  
  80  6:15  Probe, Pylon  
  80  6:17  Templar Archives  
  82  6:21  Warp Prism, Zealot  
  84  6:28  Probe x2  
  88  6:33  Pylon  
  88  6:36  Probe  
  88  6:37  Zealot x2  
  88  6:39  Photon Cannon  
  93  6:51  Pylon  
  93  6:52  Zealot x5  
  103  6:55  Pylon  
  103  6:57  Probe  
  103  7:00  Zealot, High Templar x2  
  111  7:03  Pylon  
  110  7:09  Archon  
  110  7:13  Zealot x3  
  110  7:14  Zealot x2  
  118  7:21  Protoss Ground Armor Level 2  
  118  7:26  Zealot  
  120  7:30  Probe  
  120  7:34  Nexus  
  119  7:39  Zealot  
  119  7:40  Zealot x6  
  119  7:43  Probe  
  126  7:45  Probe x2  
  128  7:55  Robotics Bay  
  128  7:57  Robotics Facility  
  128  7:59  Probe x2  
  128  8:01  High Templar x2  
  128  8:03  Blink  
  135  8:05  Archon  
  135  8:09  Zealot x3  
  135  8:10  Observer  
  135  8:11  Probe  
  140  8:13  Pylon  
  140  8:16  Probe  
  141  8:20  Forge  
  141  8:28  Shield Battery  
  141  8:31  Probe  
  141  8:32  Assimilator  
  141  8:33  Photon Cannon  
  142  8:36  Assimilator  
  142  8:37  Colossus, High Templar x2  
  142  8:39  Pylon  
  146  8:41  Pylon  
  146  8:42  Archon  
  146  8:46  Colossus, Photon Cannon  
  144  8:51  Shield Battery  
  154  9:11  Stalker x3  
  154  9:12  Zealot x3  
  154  9:14  Pylon  
  166  9:19  Colossus  
  166  9:24  Pylon  
  164  9:25  Zealot x2  
  168  9:32  Zealot x3  
  176  9:42  Colossus  
  174  9:46  Pylon  
  174  9:58  Dark Shrine  
  174  10:05  High Templar x2  
  174  10:06  Zealot x6  
  190  10:10  Probe x2  
  190  10:11  Probe x2  
  190  10:12  Archon  
Tags
 
Add a new tag
Caveats
  • Supply blocks, unpowered buildings, or Contaminate may cause inaccurate times.
  • Supply counts are checked every 10 seconds.